 Dungeon Crawl Stone Soup version 0.25.0-9-g26727b657a (webtiles) character file.

Game seed: 11760526278295265757

1698 Esekla the Magician (level 8, 0/43 HPs)
             Began as a Deep Elf Wanderer on June 20, 2020.
             Was an Initiate of Vehumet.
             Succumbed to a hornet's poison
             ... on level 7 of the Dungeon.
             The game lasted 00:58:03 (9864 turns).

Esekla the Magician (Deep Elf Wanderer)             Turns: 9864, Time: 00:58:04

Health: 0/43       AC:  5    Str: 10    XL:     8   Next: 72%
Magic:  8/20       EV: 12    Int: 21    God:    Vehumet [......]
Gold:   163        SH:  0    Dex: 12    Spells: 11/20 levels left

rFire    . . .     SeeInvis .   a - +2 scimitar
rCold    . . .     Gourm    .   (no shield)
rNeg     . . .     Faith    +   h - +0 robe
rPois    .         Spirit   .   (no helmet)
rElec    .         Reflect  .   r - +0 cloak
rCorr    +         Harm     .   y - +1 pair of gloves
MR       .....                  (no boots)
Stlth    +++.......             x - amulet of faith
HPRegen  0.14/turn              i - ring of stealth
MPRegen  0.17/turn              u - ring of resist corrosion

@: lethally poisoned (0 -> -1), stab
A: no striking features
a: Renounce Religion


You were on level 7 of the Dungeon.
You worshipped Vehumet.
Vehumet was noncommittal.
You were near starving.

You visited 2 branches of the dungeon, and saw 8 of its levels.

You collected 312 gold pieces.
You spent 149 gold pieces at shops.

Inventory:

Hand Weapons
 a - a +2 scimitar (weapon)
 n - a +0 vorpal scimitar
 s - a +0 short sword
Missiles
 f - 8 boomerangs
 k - 24 poisoned darts (quivered)
Armour
 e - a +0 leather armour
 h - a +0 robe (worn)
 r - a +0 cloak (worn)
 y - a +1 pair of gloves (worn)
Jewellery
 i - a ring of stealth (left hand)
 u - a ring of resist corrosion (right hand)
 x - an amulet of faith (around neck)
Wands
 c - a wand of flame (33)
 t - a wand of disintegration (19)
 w - a wand of paralysis (5)
Scrolls
 b - 2 scrolls of enchant weapon {unknown}
 d - 3 scrolls of teleportation {unknown}
 j - 2 scrolls of remove curse
 l - a scroll of blinking {unknown}
 m - 2 scrolls of magic mapping {unknown}
 o - 2 scrolls of enchant armour {unknown}
 z - a scroll of vulnerability {unknown}
 A - a scroll of identify
Potions
 g - a potion of cancellation
 p - a potion of might
Comestibles
 q - 5 rations


   Skills:
 - Level 1.0 Fighting
 + Level 0.9(2.9) Short Blades
 + Level 4.0(4.1) Long Blades
   Level 1.5 Axes
 - Level 1.0 Throwing
 + Level 1.8 Armour
 + Level 1.7 Dodging
 + Level 3.6 Stealth
 * Level 6.7 Spellcasting
 * Level 4.6 Conjurations
 * Level 4.2 Translocations
 * Level 4.1 Air Magic
 * Level 3.6 Poison Magic


You had 11 spell levels left.
You knew the following spells:

 Your Spells              Type           Power        Failure   Level  Hunger
a - Magic Dart            Conj           ####         1%          1    None
b - Blink                 Tloc           N/A          2%          2    None
c - Mephitic Cloud        Conj/Pois/Air  ###.....     4%          3    #......
f - Conjure Flame         Conj/Fire      ###.....     11%         3    #......

Your spell library contained the following spells:

 Spells                   Type           Power        Failure   Level  Hunger
 Call Imp                 Summ           #.......     14%         2    None
 Slow                     Hex            #.......     14%         2    None


Dungeon Overview and Level Annotations

Branches:
Dungeon (7/15)             Temple (1/1) D:7

Altars:
Ashenzari
Dithmenos
Elyvilon
Fedhas
Gozag
Hepliaklqana
Kikubaaqudgha
Nemelex Xobeh
Okawaru
Qazlal
Ru
Uskayaw
Vehumet
Wu Jian
Yredelemnul
Zin

Shops:
D:7 :([[=


Message History

Aim: a spriggan baker, wielding a +0 dagger and wearing a cursed +0 robe (heavily wounded, confused, poisoned)
You throw a poisoned dart.
The poisoned dart hits the spriggan baker.
The spriggan baker looks even sicker.
The spriggan baker is heavily wounded.
Casting: Magic Dart (safe; 1% risk of failure)
Confirm with . or Enter, or press ? or * to list all spells.
Aiming: Magic Dart (safe; 1% risk of failure)
Press: ? - help, Shift-Dir - straight line, f/p - spriggan baker
Aim: a spriggan baker, wielding a +0 dagger and wearing a cursed +0 robe (heavily wounded, confused, very poisoned)
The magic dart hits the spriggan baker.
The spriggan baker is heavily wounded.
You slash the spriggan baker!
The spriggan baker is almost dead.
The spriggan baker hits you with a +0 dagger!
* * * LOW HITPOINT WARNING * * *
Okay, then.
You barely miss the spriggan baker.
The spriggan baker is almost dead.
You die...

...###.##########.##.#
##....#.. ..##
#............# #..#####.
.## ##############
##....#.. #####
########## ##..#...
.[<.#%% #........#
##....# ###.#.##
#(.......# ###...#.
###.#..# #.......#
#..##...
....#'####.......#
###.#...
............(.(.@#
##.##.
###(..(.#....((i........
####. #
#..#.##............_..
#. #
#.....#...............
#[
........#........###...#
######.
###.....##########E#...#
#...... ###..#.## ##...#
#...... .....#.# #.#.
#..###. ###.##.# #..# #.


You could see a fire elemental and a spriggan baker (confused, very poisoned).

Vanquished Creatures
  A hornet (D:7)
  A water moccasin (D:6)
  An ogre (D:6)
  A phantom (D:6)
  A centaur (D:7)
  2 bullfrogs (D:7)
  A water moccasin skeleton (D:7)
  4 wights
  A bullfrog zombie (D:6)
  2 crimson imps
  A centaur zombie (D:6)
  An orc priest (D:4)
  2 jellies
  Crazy Yiuf (D:2)
  A centaur skeleton (D:7)
  A hound (D:4)
  Ijyb (D:4)
  An iguana (D:6)
  6 orc wizards
  4 worker ants
  9 adders
  4 gnolls
  A howler monkey skeleton (D:6)
  An ooze (D:1)
  A worm (D:2)
  A dart slug (D:2)
  3 leopard geckos
  6 orcs
  2 ball pythons
  5 giant cockroaches
  8 goblins
  5 hobgoblins
  4 jackals (D:3)
  6 bats
  9 frilled lizards
  3 kobolds
  A quokka skeleton (D:6)
  10 rats
113 creatures vanquished.

Notes
Turn   | Place    | Note
-------+----------+-------------------------------------------
     0 | D:1      | Esekla the Deep Elf Wanderer began the quest for the Orb.
     0 | D:1      | Esekla set off with the following items: a +0 hand axe, a
                  | +0 ring mail, a ration; and the following spell memorised:
                  | Magic Dart; and the following spells available to memorise:
                  | Blink, Call Imp, Slow, Mephitic Cloud, Conjure Flame
     0 | D:1      | Reached XP level 1. HP: 12/12 MP: 6/6
   640 | D:1      | Reached XP level 2. HP: 16/16 MP: 5/8
   663 | D:1      | Learned a level 2 spell: Blink
   865 | D:1      | Reached skill level 1 in Conjurations
  1034 | D:1      | Reached skill level 4 in Spellcasting
  1317 | D:2      | Reached XP level 3. HP: 14/20 MP: 0/10
  1473 | D:2      | Learned a level 3 spell: Mephitic Cloud
  1924 | D:2      | Found a sacrificial altar of Ru.
  2092 | D:2      | Reached XP level 4. HP: 25/25 MP: 10/12
  2184 | D:2      | Found a runed translucent door.
  2185 | D:2      | Noticed Crazy Yiuf
  2241 | D:2      | You fall into a shaft and drop 2 floors!
  2865 | D:4      | Reached skill level 1 in Translocations
  2865 | D:4      | Reached XP level 5. HP: 27/29 MP: 11/14
  3262 | D:4      | Learned a level 3 spell: Conjure Flame
  3863 | D:2      | Reached skill level 1 in Poison Magic
  3881 | D:2      | Reached skill level 5 in Spellcasting
  4236 | D:2      | Killed Crazy Yiuf
  4236 | D:2      | Reached XP level 6. HP: 34/34 MP: 10/15
  4383 | D:4      | Noticed Ijyb
  4403 | D:4      | Killed Ijyb
  5362 | D:5      | Entered Level 5 of the Dungeon
  5500 | D:5      | Found a radiant altar of Vehumet.
  5504 | D:5      | Became a worshipper of Vehumet
  5980 | D:6      | Reached skill level 1 in Long Blades
  6030 | D:6      | Reached XP level 7. HP: 5/38 MP: 14/16
  7239 | D:6      | Reached skill level 1 in Dodging
  7512 | D:7      | Noticed a hornet
  7514 | D:7      | Found Heefudghu's Weapon Boutique.
  7554 | D:7      | Found Qomov's Book Shoppe.
  7963 | D:7      | Found Yvvootim's Armour Emporium.
  7971 | D:7      | Bought a +1 pair of gloves for 149 gold pieces
  8135 | D:7      | Found a staircase to the Ecumenical Temple.
  8158 | Temple   | Entered the Ecumenical Temple
  8236 | D:7      | Found Mamepn's Jewellery Shop.
  8243 | D:7      | Found a shadowy altar of Dithmenos.
  8243 | D:7      | Found a shattered altar of Ashenzari.
  8243 | D:7      | Found an ornate altar of the Wu Jian Council.
  8243 | D:7      | Found an ancient bone altar of Kikubaaqudgha.
  8255 | D:7      | Reached XP level 8. HP: 43/43 MP: 12/18
  9126 | D:7      | Reached skill level 6 in Spellcasting
  9295 | D:7      | Found Coav's Armour Emporium.
  9846 | D:7      | Paralysed by a hornet for 1 turns
  9852 | D:7      | Found a stormy altar of Qazlal.
  9857 | D:7      | Killed a hornet
  9863 | D:7      | HP: 1/43 [spriggan baker/+0 dagger (9)]
  9864 | D:7      | Succumbed to a hornet's poison

Illustrated notes

Levels and vault maps discovered:
D:1:      dpeg_arrival_line_fractal, layout_loops_corners
D:2:      layout_rooms, nicolae_ru_awakened_eye, uniq_crazy_yiuf_cottage
D:3:      layout_loops_ring, lightli_temple_of_fire, led_sif_book, first_ration,
          uniq_sigmund, uniq_robin
D:4:      layout_gridville, uniq_ijyb
D:5:      layout_rooms, vehumet_crystals
D:6:      layout_rooms
D:7:      layout_loops_ring, nicolae_qazlal_style_of_elements,
          chequers_temple_overflow_statue_of_worship, slow_altar_2,
          minmay_temple_entry_arrows, serial_shops, shop,
          nicolae_shop_window_shopping, shop_fountains,
          nicolae_shop_statue_plus, shop, minmay_misc_feat_cross, the_bakery
Temple:   zaba_magenta_temple

Skill      XL: |  1  2  3  4  5  6  7  8 |
---------------+-------------------------+-----
Conjurations   | 1 2 3 4 |  4.6
Spellcasting   | 4 5 6 |  6.7
Air Magic      | 2 3 4 |  4.1
Translocations | 1 2 3 4 |  4.2
Stealth        | 2 3 |  3.6
Poison Magic   | 1 2 3 |  3.6
Long Blades    | 1 3 4 |  4.0
Dodging        | 1 |  1.7
Fighting       | |  1.0
Short Blades   | |  0.9
Axes           | |  1.5
Throwing       | |  1.0
Armour         | |  1.8

Action                   |  1- 3 |  4- 6 |  7- 9 || total
-------------------------+-------+-------+-------++-------
Melee: Dagger            |     1 |       |       ||     1
       Short sword       |    21 |    29 |     2 ||    52
       Scimitar          |       |    51 |    76 ||   127
Throw: Dart              |     6 |     7 |     6 ||    19
 Cast: Magic Dart        |    80 |    89 |   103 ||   272
       Mephitic Cloud    |       |     6 |     3 ||     9
       Blink             |       |     4 |     9 ||    13
  Use: Scroll            |     4 |     1 |     3 ||     8
       Potion            |       |     4 |     6 ||    10
 Stab: Sleeping          |     1 |     3 |     3 ||     7
       Confused          |       |     1 |     3 ||     4
       Distracted        |       |     1 |       ||     1
  Eat: Chunk             |     3 |     6 |     4 ||    13
       Ration            |       |     2 |     2 ||     4
Armor: Leather armour    |    16 |    18 |       ||    34
       Robe              |       |     6 |    26 ||    32
Dodge: Dodged            |    18 |    61 |    69 ||   148
       Rpst.: Scimitar   |       |     9 |    23 ||    32
